 Dungeon Crawl Stone Soup version 0.30-a0-451-ge042605de7 (webtiles) character file.

Game seed: 3718859273201860827

245 NinjaNoafa the Grave Robber (level 6, -9/45 HPs)
             Began as a Ghoul Necromancer on Dec 12, 2022.
             Mangled by an ogre
             ... wielding a +0 giant club
              (25 damage)
             ... on level 5 of the Dungeon.
             The game lasted 00:11:47 (3866 turns).

NinjaNoafa the Grave Robber (Ghoul Necromancer)     Turns: 3866, Time: 00:11:47

Health: -9/45      AC:  4    Str: 12    XL:     6   Next: 10%
Magic:  10/11      EV: 12    Int: 12    God:
Gold:   148        SH:  0    Dex:  9    Spells: 9/13 levels left

rFire   . . .      SeeInvis .    f - +1 dagger (flame)
rCold   + . .      Faith    .    (no shield)
rNeg    + + +      Spirit   .    a - +0 robe
rPois   ∞          Reflect  .    v - +0 helmet
rElec   .          Harm     .    p - +0 cloak
rCorr   .          Rampage  .    (no gloves)
Will    .....                    (no boots)
Stlth   ++........               (no amulet)
HPRegen 0.00/turn                (no ring)
MPRegen 0.12/turn                (no ring)

@: mighty, brilliant, inhibited regen
A: claws 1, cold resistance 1, negative energy resistance 3, inhibited
regeneration, torment resistance 2, devour on kill
a: no special abilities


You were on level 5 of the Dungeon.
You visited 1 branch of the dungeon, and saw 5 of its levels.

You collected 148 gold pieces.

Inventory:

Hand Weapons
 f - a +1 dagger of flaming (weapon)
Missiles
 b - 7 poisoned darts
 h - 34 stones
 n - 3 boomerangs
Armour
 a - a +0 robe (worn)
 p - a +0 cloak (worn)
 v - a +0 helmet (worn)
Magical Staves
 w - a staff of earth
Jewellery
 e - a ring of ice
Scrolls
 c - 2 scrolls of teleportation
 k - a scroll of amnesia
 m - a scroll of enchant armour {unknown}
 s - a scroll of magic mapping {unknown}
 t - a scroll of blinking {unknown}
 u - a scroll of enchant weapon {unknown}
Potions
 d - 2 potions of resistance
 g - 4 potions of curing
 l - 2 potions of lignification
 o - a potion of mutation {unknown}
 q - a potion of attraction
 r - 2 potions of flight


   Skills:
 - Level 1.7 Dodging
 - Level 2.1 Stealth
 + Level 4.0 Spellcasting
 + Level 5.5 Necromancy


You had 9 spell levels left.
You knew the following spells:

 Your Spells              Type           Power      Damage    Failure   Level
a - Necrotise             Necr           92%        1d8       2%          1
b - Vampiric Draining     Necr           23%        2d7       7%          3

Your spell library contained the following spells:

 Spells                   Type           Power      Damage    Failure   Level
 Animate Dead             Necr           23%        N/A       22%         4
 Agony                    Necr           23%        N/A       52%         5
 Beastly Appendage        Tmut           Unusable   N/A       N/A         1
 Wereblood                Tmut           Unusable   N/A       N/A         2
 Spider Form              Tmut/Pois      Unusable   N/A       N/A         3

Dungeon Overview and Level Annotations

Branches:
Dungeon (5/15)
 Temple: D:4-7

Altars:

Annotations:
D:4 Dowan, Duvessa


Innate Abilities, Weirdness & Mutations

You are immune to poison.
You have sharp fingernails.
Your flesh is cold resistant. (rC+)
You are immune to negative energy. (rN+++)
You do not regenerate when monsters are visible.
You are immune to unholy pain and torment.
You thrive by killing the living.


Message History

You closely miss the phantom.
The phantom is lightly damaged.
The phantom hits you.
The phantom blinks!
You blink.
An orc comes into view. It is wielding a +0 club.
The orc shouts!
You hit the phantom. You burn the phantom.
The phantom is lightly damaged.
The phantom barely misses you.
It was a potion of brilliance.
You feel clever all of a sudden. The phantom hits you.
It was a potion of might.
You feel very mighty all of a sudden. The phantom hits you.
The phantom blinks!
You blink.
The orc misses you.
You puncture the orc! You burn the orc.
You kill the orc!
The phantom hits you!
* * * LOW HITPOINT WARNING * * *
The phantom blinks!
You blink.
You hit the phantom. You burn the phantom.
The phantom is moderately damaged.
The phantom barely misses you.
You completely miss the phantom.
The phantom is moderately damaged.
The phantom barely misses you.
You puncture the phantom! You burn the phantom.
The phantom is severely damaged.
The phantom closely misses you.
You hit the phantom. You burn the phantom.
The phantom is almost destroyed.
The phantom hits you but does no damage.
You hit the phantom. You burn the phantom.
You destroy the phantom!
Your Spellcasting skill increases to level 4!
You have reached level 6!
The ogre attacks as you move away!
The ogre hits you with a +0 giant club!!
Ouch! That really hurt!
You die...

...#....# ... ..#....#
######### #.##...#
##.##.#..####.##...##
#......#............#
#......#............#
#......#............#
#####.....#......$.....+
..........#.....@....$.#
.......).##...##O..##..#
#.##....##...##...# ..#
#.#......#....#.........
#......#....#.......(.
#......#....#........
##########. #...###..
#...# .. .....


You could see an ogre.

Vanquished Creatures
  A phantom (D:5)
  A hound (D:5)
  5 gnolls (D:2)
  2 worms (D:3)
  A dart slug (D:1)
  3 orcs
  4 endoplasms
  A giant cockroach (D:1)
  8 goblins
  8 hobgoblins
  2 jackals (D:3)
  3 quokkas
  11 ball pythons
  4 bats
  2 frilled lizards
  5 kobolds
  5 rats
66 creatures vanquished.

Vanquished Creatures (collateral kills)
  An adder (D:4)
  A worm (D:4)
  2 ball pythons (D:2)
  A frilled lizard (D:2)
5 creatures vanquished.

Grand Total: 71 creatures vanquished

Notes
Turn   | Place    | Note
-------+----------+-------------------------------------------
     0 | D:1      | NinjaNoafa the Ghoul Necromancer began the quest for the
                  | Orb.
     0 | D:1      | Reached XP level 1. HP: 14/14 MP: 2/2
   176 | D:1      | Reached XP level 2. HP: 20/20 MP: 0/4
   802 | D:2      | Reached XP level 3. HP: 5/26 MP: 1/5
   807 | D:2      | Learned a level 3 spell: Vampiric Draining
  1116 | D:2      | Reached XP level 4. HP: 22/33 MP: 0/7
  1347 | D:2      | Found a faded altar of an unknown god.
  3175 | D:4      | Reached XP level 5. HP: 38/38 MP: 7/9
  3212 | D:4      | Noticed Dowan
  3213 | D:4      | Noticed Duvessa
  3341 | D:4      | Reached skill level 5 in Necromancy
  3746 | D:5      | Entered Level 5 of the Dungeon
  3756 | D:4      | Noticed a phantom
  3831 | D:5      | Noticed a phantom
  3834 | D:5      | Noticed an ogre
  3850 | D:5      | Killed a phantom
  3851 | D:5      | Reached XP level 6. HP: 13/45 MP: 9/11
  3866 | D:5      | Mangled by an ogre

Illustrated notes

Levels and vault maps discovered:
D:1:      erik_arrival_blinker_ship, layout_rooms
D:2:      minmay_skewed_foursquare, layout_loops_ring,
          nicolae_ecumenical_snake_handling
D:3:      layout_basic
D:4:      layout_rooms, uniq_duvessa
D:5:      layout_gridville, nicolae_overflow_hidden_temple, serial_shops,
          nicolae_shop_trees, minivault_25

Skill      XL: |  1  2  3  4  5 |
---------------+----------------+-----
Spellcasting   | 2 3 4 |  4.0
Necromancy     | 5 |  5.5
Dodging        | |  1.7
Stealth        | |  2.1

Action                   |  1- 3 |  4- 6 || total
-------------------------+-------+-------++-------
Melee: Unarmed           |    34 |    33 ||    67
       Punch             |     1 |       ||     1
       Dagger            |       |    12 ||    12
 Cast: Necrotise         |    50 |    90 ||   140
       Vampiric Draining |     1 |     4 ||     5
  Use: Potion            |     2 |     2 ||     4
       Scroll            |       |     6 ||     6
Armor: Robe              |     9 |    15 ||    24
Dodge: Dodged            |    35 |    55 ||    90

Table legend: (Time is in decaauts)
 A = Elapsed time spent in this place.
 B = Non-inter-level travel time spent in this place.
 C = Inter-level travel time spent in this place.
 D = Time resting spent in this place.
 E = Time spent auto-exploring this place.
 F = Levels seen in this place.
 G = Mean time per level.
                   A        B        C        D        E       F      G
               +--------+--------+--------+--------+--------+-----+--------+
         Total |   3865 |   3700 |    165 |      0 |   2960 |   5 |  773.0 |
       Dungeon |   3865 |   3700 |    165 |      0 |   2960 |   5 |  773.0 |
               +--------+--------+--------+--------+--------+-----+--------+

Top non-repeatable levels by time:
     D:2: 1343 daAuts
     D:3: 1134 daAuts
     D:1: 744 daAuts
     D:4: 530 daAuts
     D:5: 113 daAuts
